 Dungeon Crawl Stone Soup version 0.20.2-3-g29329e0561 (webtiles) character file.

1138 Alfie the Cutter (level 8, -3/69 HPs)
             Began as a Minotaur Fighter on Jan 16, 2024.
             Killed from afar by a steam dragon (10 damage)
             ... with a ball of steam
             ... on level 5 of the Dungeon on Jan 17, 2024.
             The game lasted 00:11:41 (3552 turns).

Alfie the Cutter (Minotaur Fighter)                 Turns: 3552, Time: 00:11:44

Health: -3/69      AC:  7    Str: 23    XL:     8   Next: 14%
Magic:  7/7        EV:  9    Int:  5    God:
Gold:   229        SH: 10    Dex: 10    Spells: 6/7 levels left

rFire    . . .     SeeInvis .   a - +2 rapier
rCold    . . .     Gourm    .   c - +0 shield
rNeg     . . .     Faith    .   b - +0 scale mail
rPois    .         Spirit   .   (helmet restricted)
rElec    .         Reflect  .   (no cloak)
rCorr    .         Harm     .   (no gloves)
MR       .....                  (no boots)
Stlth    ..........             (no amulet)
Regen    0.3/turn               (no ring)
MPRegen  0.1/turn               (no ring)

@: no status effects
A: retaliatory headbutt, horns 2
a: no special abilities


You were on level 5 of the Dungeon.
You were not hungry.

You visited 1 branch of the dungeon, and saw 5 of its levels.

You collected 255 gold pieces.
You spent 26 gold pieces at shops.

Inventory:

Hand Weapons
 a - a +2 rapier (weapon)
Missiles
 p - 4 tomahawks (quivered)
Armour
 b - a +0 scale mail (worn)
 c - a +0 shield (worn)
Wands
 t - a wand of random effects (48/48)
Scrolls
 h - a scroll of amnesia
 j - 2 scrolls of remove curse
 r - a scroll of teleportation
Potions
 e - a potion of mutation {unknown}
 g - a potion of magic {unknown}
 i - 2 potions of flight
 k - a potion of cancellation {unknown}
 m - a potion of invisibility {unknown}
Comestibles
 f - 4 bread rations
 l - a meat ration
 q - 3 royal jellies


   Skills:
 + Level 5.5 Fighting
 + Level 6.8 Short Blades
 + Level 0.6 Throwing
 + Level 5.8 Armour
 + Level 2.5 Dodging
 + Level 0.3 Stealth
 + Level 6.6 Shields


You had 6 spell levels left.
You knew the following spells:

 Your Spells              Type           Power        Failure   Level  Hunger
a - Magic Dart            Conj           #...         98%         1    ##.....


Dungeon Overview and Level Annotations

Branches:
Dungeon (5/15)
 Temple: D:4-7

Altars:
Dithmenos
Fedhas
Hepliaklqana
Nemelex Xobeh
The Shining One

Shops:
D:4 *


Innate Abilities, Weirdness & Mutations

You reflexively headbutt those who attack you in melee.
You have a pair of horns on your head.


Message History

The steam dragon moves out of view.
The steam dragon breathes steam at you. The ball of steam hits you!
You hear an angry hiss.
You are engulfed in a cloud of scalding steam.
You hit the steam dragon but do no damage.
Your headbutt misses the steam dragon.
You are engulfed in a cloud of scalding steam.
* * * LOW HITPOINT WARNING * * *
The steam dragon bites you.
* * * LOW HITPOINT WARNING * * *
The steam dragon claws you but does no damage.
A steam dragon comes into view.
You closely miss the steam dragon.
You are engulfed in a cloud of scalding steam.
* * * LOW HITPOINT WARNING * * *
The steam dragon hisses angrily.
The steam dragon breathes steam at you. The ball of steam hits you!
You die...

################# #######
................######
......#
.....<..#######.......
.....)# ####....# ########
......## ##§..##### ###
.......# #D@......# #P≈
.......# ≈.....#########
P.≈≈≈≈ ......)# .D...≈
...... .......# .....
.≈≈.≈. ......(##P..[ ###
#P.≈P≈ .P♣###((#..
######.# ####.≈. ≈♣♣
##(### #...##.# #.#####
.≈♣
#.(.#########.##.####..#
≈≈♣
#.(....................###


You could see 2 steam dragons.

Vanquished Creatures
  Edmund (D:4)
  Menkaure (D:5)
  2 phantoms
  4 ogres
  A centaur (D:5)
  2 orc priests (D:3)
  An iguana (D:5)
  Robin (D:4)
  3 gnolls
  7 adders
  An ooze (D:5)
  3 worms
  3 dart slugs
  A leopard gecko (D:1)
  8 orcs
  5 bats
  8 giant cockroaches
  23 goblins
  9 hobgoblins
  7 jackals
  4 quokkas
  2 ball pythons
  2 frilled lizards
  9 kobolds
  7 rats
115 creatures vanquished.

Notes
Turn   | Place    | Note
-------+----------+-------------------------------------------
     0 | D:1      | Alfie the Minotaur Fighter began the quest for the Orb.
     0 | D:1      | Reached XP level 1. HP: 19/19 MP: 0/0
   100 | D:1      | Reached XP level 2. HP: 27/27 MP: 1/1
   404 | D:1      | Reached XP level 3. HP: 33/33 MP: 2/2
   740 | D:2      | Found a hazy altar of Hepliaklqana.
   905 | D:2      | Found a shadowy altar of Dithmenos.
   967 | D:2      | Reached XP level 4. HP: 40/40 MP: 3/3
  1480 | D:2      | Found a blossoming altar of Fedhas.
  1922 | D:3      | Reached XP level 5. HP: 37/46 MP: 4/4
  1956 | D:3      | Reached skill level 1 in Dodging
  2091 | D:3      | Noticed Robin
  2134 | D:4      | Killed Robin
  2267 | D:3      | Found a glowing golden altar of the Shining One.
  2376 | D:4      | Noticed Edmund
  2377 | D:4      | Noticed a phantom
  2378 | D:4      | Noticed an ogre
  2489 | D:4      | Noticed an ogre
  2499 | D:4      | Killed an ogre
  2499 | D:4      | Reached skill level 5 in Armour
  2499 | D:4      | Reached skill level 5 in Shields
  2499 | D:4      | Reached XP level 6. HP: 16/52 MP: 5/5
  2527 | D:4      | Found a sparkling altar of Nemelex Xobeh.
  2551 | D:4      | HP: 2/53 [ogre/giant spiked club (22)]
  2555 | D:4      | Reached skill level 5 in Short Blades
  2579 | D:4      | Found Nesaokag's General Store.
  2583 | D:4      | Bought a scroll of identify for 26 gold pieces
  2612 | D:4      | Learned a level 1 spell: Magic Dart
  2689 | D:4      | Killed Edmund
  2689 | D:4      | Reached XP level 7. HP: 19/60 MP: 6/6
  2864 | D:4      | Reached skill level 5 in Fighting
  3080 | D:5      | Entered Level 5 of the Dungeon
  3144 | D:5      | Noticed Menkaure
  3169 | D:5      | Killed Menkaure
  3460 | D:5      | Reached XP level 8. HP: 57/69 MP: 7/7
  3552 | D:5      | Killed from afar by a steam dragon

Skill      XL: |  1  2  3  4  5  6  7 |
---------------+----------------------+-----
Shields        | 4 5 6 |  6.6
Short Blades   | 3 4 5 6 |  6.8
Fighting       | 4 5 |  5.5
Armour         | 4 5 |  5.8
Dodging        | 1 2 |  2.5
Throwing       | |  0.6
Stealth        | |  0.3

Action                   |  1- 3 |  4- 6 |  7- 9 || total
-------------------------+-------+-------+-------++-------
Melee: Rapier            |   119 |   154 |    65 ||   338
       Headbutt          |    16 |    29 |    10 ||    55
Throw: Tomahawk          |       |       |     4 ||     4
  Use: Scroll            |       |     9 |     1 ||    10
       Potion            |       |     3 |     2 ||     5
  Eat: Bread ration      |       |     1 |       ||     1
       Royal jelly       |       |     1 |       ||     1
       Fruit             |       |       |     3 ||     3
Armor: Scale mail        |    54 |    41 |    14 ||   109
Dodge: Dodged            |    27 |    42 |    12 ||    81
Block: Shield            |    58 |    80 |    24 ||   162
